Cogmind - Beta 10.2 @@@ ROGUE MODE // 2021.12.07 @ 18:49:26 Player: Hert Result: Destroyed by D-53 Grenadier with Mini Grenade Launcher Performance ------------- Evolutions (1) 500 Regions Visited (4) 800 Robots Destroyed (22) 110 Value Destroyed (613) 613 Prototype IDs (0) 0 Alien Tech Used (0) 0 Bonus (143) 143 TOTAL SCORE: 2166 Bonus ------- Follower Combat Kills 143 Cogmind --------- Core Integrity 0/400 Matter 248/300 Energy 100/100 System Corruption 0% Temperature Cool (0) Movement Core (200) Ox3 Location -9/Mines Parts ------- > --- POWER (1) -------- (None) > --- PROPULSION (2) --- (None) > --- UTILITY (3) ------ Medium Storage Unit Power Shielding Utility Shielding > --- WEAPON (3) ------- (None) > --- INVENTORY (8) ---- Ion Engine Carbon-fiber Leg Improved Heat Sink High-capacity Matter Pod (200) Signal Interpreter Kinecellerator Peak State ------------ > --- POWER ------------ Light Nuclear Core > --- PROPULSION ------- Improved Carbon-fiber Leg Improved Titanium Leg > --- UTILITY ---------- Medium Storage Unit Power Shielding Utility Shielding > --- WEAPON ----------- Light Assault Rifle Shotgun Advanced Assault Cannon > --- INVENTORY -------- Ion Engine Ion Engine High-capacity Matter Pod Signal Interpreter Kinecellerator Particle Cannon Grenade Launcher [Rating: 22] Favorites ----------- Power Ion Engine Engine Ion Engine Power Core Light Nuclear Core Propulsion Light Treads Treads Light Treads Leg Improved Titanium Leg Utility Power Shielding Storage Small Storage Unit Protection Power Shielding Weapon Light Assault Rifle Energy Gun Medium Laser Energy Cannon Particle Cannon Ballistic Gun Light Assault Rifle Ballistic Cannon Advanced Assault Cannon Launcher Grenade Launcher Build | -11 -10 -10 -9 -9 ------- Run | Scr Mat Min Mat Min Slots Evolved 2 | . . . 2 . Power . | . . . . . Propulsion . | . . . . . Utility 1 | . . . 1 . Weapon 1 | . . . 1 . Parts Attached 22 | 7 3 2 3 7 Power 4 | 2 . 1 . 1 Engine 3 | 2 . . . 1 Core 1 | . . 1 . . Reactor . | . . . . . Propulsion 4 | 2 . . . 2 Treads 2 | 2 . . . . Leg 2 | . . . . 2 Wheel . | . . . . . Hover . | . . . . . Flight . | . . . . . Utility 4 | 1 1 1 1 . Device . | . . . . . Storage 2 | 1 . 1 . . Processor . | . . . . . Hackware . | . . . . . Protection 2 | . 1 . 1 . Artifact . | . . . . . Weapon 10 | 2 2 . 2 4 Energy Gun 2 | 2 . . . . Energy Cannon 1 | . . . . 1 Ballistic Gun 4 | . 1 . 2 1 Ballistic Cannon 1 | . . . . 1 Launcher 2 | . 1 . . 1 Special Weapon . | . . . . . Impact Weapon . | . . . . . Slashing Weapon . | . . . . . Piercing Weapon . | . . . . . Special Melee Weapon . | . . . . . Unidentified Prototypes . | . . . . . Parts Lost 12 | . 1 . 1 10 Power 2 | . . . . 2 Propulsion 3 | . . . 1 2 Utility . | . . . . . Weapon 7 | . 1 . . 6 Highest Loss Streak 7 | . 1 . 1 7 Average Slot Usage (%) 96 | . 97 100 100 73 Engine 6 | . 14 6 . 3 Core 5 | . . 7 11 3 Treads 23 | . 28 28 22 1 Leg 1 | . . . . 13 Storage 13 | . 14 14 11 11 Protection 15 | . 11 14 22 22 Energy Gun 2 | . 11 . . . Ballistic Gun 14 | . 4 14 28 11 Launcher 10 | . 12 14 4 . Naked Turns . | . . . . . Heaviest Build 29 | 12 15 18 20 29 Greatest Support 40 | 40 40 40 40 38 Greatest Overweight (x) 4 | . . . . 4 Average Overweight (x) . | . . . . . Largest Inventory Capacity 8 | 6 6 8 8 8 Average Capacity 6 | 5 6 6 8 8 Most Carried 8 | 4 5 7 8 8 Average Carried 5 | 2 2 5 7 6 Final Capacity 8 | 6 6 8 8 8 Final Carried 8 | 2 4 7 8 6 Class Distribution -------------------- 73% | Mutant 14% | Tank 11% | Bomber Dominant Class ---------------- Mutant | -10/Materials Mutant | -10/Mines Bomber | -9/Materials Tank | -9/Mines Resources | -11 -10 -10 -9 -9 ----------- Run | Scr Mat Min Mat Min Matter Collected 938 | 183 57 389 216 93 Remotely . | . . . . . Salvage Created 560 | . 179 249 87 45 Parts 33 | . 15 13 5 . Haulers Intercepted . | . . . . . Recyclers Shooed 3 | . 1 . 2 . Parts Field Recycled . | . . . . . Retrieved Matter . | . . . . . Parts Self-Destructed . | . . . . . Prevented . | . . . . . Kills | -11 -10 -10 -9 -9 ------- Run | Scr Mat Min Mat Min Combat Hostiles Destroyed 20 | . 6 5 4 5 Guns 7 | . . . 4 3 Cannons 2 | . . . . 2 AOE 11 | . 6 5 . . Classes Destroyed 8 | . 3 2 1 2 Worker 2 | . 2 . . . Builder 2 | . 2 . . . Recycler 2 | . . 2 . . Swarmer 6 | . . 3 3 . Grunt 8 | . 6 2 . . Sentry 1 | . . . 1 . Demolisher 1 | . . . . 1 Assembled 4 | . . . . 4 Best Kill Streak 8 | . 8 3 4 4 Combat Bots Only 4 | . 4 3 4 4 Max Kills in Single Turn 3 | . 3 3 1 1 Gunslinging . | . . . . . Exploded 3 | . 1 3 . . Melee . | . . . . . Uniques/NPCs Destroyed . | . . . . . Combat | -11 -10 -10 -9 -9 -------- Run | Scr Mat Min Mat Min Damage Taken 1911 | . 270 57 206 1378 Core 441 | . 32 . 24 385 Absorbed by Shields . | . . . . . Core Remaining (%) 93 | 100 . 87 . . Volleys Fired 54 | . 18 5 13 18 Largest 3 | . 2 2 3 3 Hottest 139 | . 80 50 63 139 Shots Fired 120 | . 31 10 39 40 Gun 77 | . 13 5 39 20 Cannon 20 | . . . . 20 Launcher 23 | . 18 5 . . Special . | . . . . . Kinetic 78 | . . 5 39 34 Thermal 19 | . 13 . . 6 Explosive 23 | . 18 5 . . Electromagnetic . | . . . . . Robot Hit Streak 8 | . 8 1 5 7 Robot Miss Streak 3 | . 3 3 2 3 Penetration Max . | . . . . . Secondary Targets 1 | . . . 1 . Max Gunslinging Chain 1 | . . . 1 . Shots Hit Robots 65 | . 14 3 26 22 Core Hits 47 | . 17 10 9 11 Critical Hits . | . . . . . Critical Kills . | . . . . . Critical Parts Destroyed . | . . . . . Melee Attacks . | . . . . . Impact . | . . . . . Slashing . | . . . . . Piercing . | . . . . . Sneak Attacks . | . . . . . Combat Hostiles . | . . . . . Follow-up Attacks . | . . . . . Damage Inflicted 1619 | . 808 279 228 304 Guns 454 | . 74 6 228 146 Cannons 158 | . . . . 158 Explosions 1007 | . 734 273 . . Melee . | . . . . . Ramming . | . . . . . Kinetic 477 | . . 6 228 243 Thermal 135 | . 74 . . 61 Explosive 1007 | . 734 273 . . Electromagnetic . | . . . . . Impact . | . . . . . Slashing . | . . . . . Piercing . | . . . . . Highest Corruption . | . . . . . Average Corruption . | . . . . . Corruption Purged . | . . . . . Overload Shots . | . . . . . Overflow Damage 12 | . 12 . . . Projectiles . | . . . . . Explosions 12 | . 12 . . . Melee . | . . . . . Knockbacks 2 | . . . . 2 Impact . | . . . . . Kinetic 2 | . . . . 2 Secondary . | . . . . . Self-Inflicted Damage 77 | . 56 21 . . Shots 4 | . 3 1 . . Rammed . | . . . . . Targets Rammed . | . . . . . Kicked . | . . . . . Crushed . | . . . . . Highest Temperature 179 | . 102 10 40 179 Average Temperature 52 | . 33 7 18 96 Received Heat Transfer 174 | . 126 15 33 . Siege Activations . | . . . . . Robots Corrupted . | . . . . . Combat Hostiles . | . . . . . Parts Fried . | . . . . . Impact Corruptions . | . . . . . Robots Melted . | . . . . . Combat Hostiles . | . . . . . Parts Melted . | . . . . . Heat Transferred 333 | . 222 . . 111 Parts Sabotaged . | . . . . . Parts Stolen . | . . . . . Parts Stripped . | . . . . . Power Chain Reactions . | . . . . . Missiles Intercepted . | . . . . . Alert | -11 -10 -10 -9 -9 ------- Run | Scr Mat Min Mat Min Peak Influence 331 | . 265 331 254 94 Initial 94 | . . 25 50 94 Average 133 | . 112 177 124 70 Maximum Alert Level 1 | . 1 1 1 . Low Security (%) 72 | 100 67 61 82 100 Level 1 27 | . 32 38 17 . Level 2 . | . . . . . Level 3 . | . . . . . Level 4 . | . . . . . Level 5 . | . . . . . High Security . | . . . . . Max Security . | . . . . . Squads Dispatched 5 | . 2 . 3 . Investigation 1 | . . . 1 . Extermination . | . . . . . Reinforcement 4 | . 2 . 2 . Assault . | . . . . . Garrison . | . . . . . Intercept . | . . . . . Construction Impeded 1 | . . . 1 . Haulers Reinforced . | . . . . . Stealth | -11 -10 -10 -9 -9 --------- Run | Scr Mat Min Mat Min Distress Signals 3 | . 2 . 1 . Communications Jammed . | . . . . . Distress Signals . | . . . . . Times Spotted 38 | . 10 5 13 10 Peak Tracking Total 7 | . 5 3 4 7 Tactical Retreats 2 | . . 1 . 1 Traps | -11 -10 -10 -9 -9 ------- Run | Scr Mat Min Mat Min Traps Triggered 3 | . . . 1 2 Indirectly . | . . . . . Trap Hack Attempts . | . . . . . Triggered . | . . . . . Disarmed . | . . . . . Reprogrammed . | . . . . . Reused . | . . . . . Traps Extracted . | . . . . . Installed . | . . . . . Triggered . | . . . . . Machines | -11 -10 -10 -9 -9 ---------- Run | Scr Mat Min Mat Min Machines Disabled 12 | . 5 7 . . Max in Single Turn 4 | . 2 4 . . Machines Sabotaged . | . . . . . Garrisons Compromised . | . . . . . Overloaded Fab Kills . | . . . . . Fab Network Shutdowns . | . . . . . Hacking | -11 -10 -10 -9 -9 --------- Run | Scr Mat Min Mat Min Machines Accessed 2 | . 1 . . 1 Terminals 1 | . 1 . . . Fabricators . | . . . . . Repair Stations . | . . . . . Recycling Units . | . . . . . Scanalyzers . | . . . . . Garrison Access . | . . . . . Total Hacks 3 | . 2 . . 1 Successful 2 | . 1 . . 1 Failed 1 | . 1 . . . Catastrophic . | . . . . . Database Lockouts . | . . . . . Manual . | . . . . . Terminals 2 | . 2 . . . Fabricators . | . . . . . Repair Stations . | . . . . . Recycling Units . | . . . . . Scanalyzers . | . . . . . Garrison Access . | . . . . . Terminal Hacks 2 | . 1 . . 1 Record 1 | . 1 . . . Open Door 1 | . . . . 1 Fabricator Hacks . | . . . . . Repair Station Hacks . | . . . . . Recycling Unit Hacks . | . . . . . Scanalyzer . | . . . . . Garrison Access Hacks . | . . . . . Unauthorized Hacks . | . . . . . Terminals . | . . . . . Fabricators . | . . . . . Repair Stations . | . . . . . Recycling Units . | . . . . . Scanalyzers . | . . . . . Garrison Access . | . . . . . Data Cores Recovered . | . . . . . Used . | . . . . . Hacking Detections . | . . . . . Full Trace Events . | . . . . . Feedback Events . | . . . . . Feedback Blocked . | . . . . . Robot Schematics Acquired . | . . . . . Robots Built . | . . . . . Matter . | . . . . . Time . | . . . . . Total Robot Build Rating . | . . . . . Part Schematics Acquired . | . . . . . Parts Built . | . . . . . Matter . | . . . . . Time . | . . . . . Total Part Build Rating . | . . . . . Parts Repaired . | . . . . . Time . | . . . . . Parts Recycled . | . . . . . Recycled Matter . | . . . . . Retrieved Matter . | . . . . . Retrieved Components . | . . . . . Parts Scanalyzed . | . . . . . Part Schematics Acquired . | . . . . . Parts Damaged . | . . . . . Bothacking | -11 -10 -10 -9 -9 ------------ Run | Scr Mat Min Mat Min Used RIF Installer . | . . . . . Robots Hacked . | . . . . . Non-combat . | . . . . . Combat . | . . . . . Robot Hacks Applied . | . . . . . Relay Couplers Released . | . . . . . Robots Rewired . | . . . . . Allies Hacked . | . . . . . Hacks Repelled . | . . . . . Allies | -11 -10 -10 -9 -9 -------- Run | Scr Mat Min Mat Min Total Allies 2 | . . 2 . . Largest Group 2 | . . 2 2 . Highest-Rated Group 46 | . . 46 46 . Highest-Rated Ally 31 | . . 31 31 . Total Orders . | . . . . . Ally Attacks 18 | . . 5 13 . Total Damage 233 | . . 63 170 . Kills 7 | . . 2 5 . Allies Corrupted . | . . . . . Allies Melted . | . . . . . Intel | -11 -10 -10 -9 -9 ------- Run | Scr Mat Min Mat Min Robot Analysis Total . | . . . . . Derelict Logs Recovered 2 | . . 2 . . Drone Launches . | . . . . . Drone Recoveries . | . . . . . Exploration | -11 -10 -10 -9 -9 ------------- Run | Scr Mat Min Mat Min Turns Passed 1830 | 72 441 761 371 185 Spaces Moved 1018 | 45 239 450 204 80 Core 38 | 13 . . . 25 Treads 935 | 32 239 450 204 10 Legs 45 | . . . . 45 Wheels . | . . . . . Hover . | . . . . . Flight . | . . . . . Fastest Speed 50 | 50 160 160 160 120 Average Speed 158 | 128 160 160 160 153 Slowest Speed 250 | 160 160 160 160 250 Overloaded Moves . | . . . . . Propulsion Burnouts . | . . . . . Robots Hopped . | . . . . . Cave-ins Triggered . | . . . . . Exploration Rate (%) 39 | 3 51 98 27 18 Regions Visited 4 Branch Regions 2 Pre-discovered Areas 1 | . . . . 1 Known Exits Taken 1 | . . 1 . . Unknown Exits Taken 3 | 1 1 . 1 . Scrap Searched 2 | . . 2 . . Spaces Dug . | . . . . . Terrain Destroyed 105 | . 72 24 . 9 Melee . | . . . . . Projectile 9 | . . . . 9 AOE 96 | . 72 24 . . Terrain Rammed . | . . . . . Walls Destroyed . | . . . . . Machines Disabled . | . . . . . Actions | -11 -10 -10 -9 -9 --------- Run | Scr Mat Min Mat Min Total 1143 | 58 268 483 224 110 Wait 23 | . . 21 2 . Move 1014 | 44 238 449 203 80 Hop . | . . . . . Pick Up 23 | 7 6 4 3 3 Fast Attach 4 | 1 . . . 3 Attach 14 | 5 3 . 2 4 Detach 1 | . 1 . . . Swap 4 | 1 . 2 1 . Drop 6 | . 2 2 . 2 Fire 54 | . 18 5 13 18 Melee . | . . . . . Ram . | . . . . . Kick . | . . . . . Crush . | . . . . . Escape Stasis . | . . . . . Rewire . | . . . . . Trap . | . . . . . Miscellaneous . | . . . . . Route ------- -11/Scrapyard -10/Materials (discovered 2 exits: [*Min x2]) -10/Mines (discovered 2 exits: *Mat x2) -9/Materials (discovered 3 exits: *Min / [*Sto x2]) -9/Mines History --------- Turn | Location | Event 7 | -11/Scrapyard | Discovered new exit (range 15) 73 | -11/Scrapyard | Entered Materials 107 | -10/Materials | Discovered new exit (range 4) 302 | -10/Materials | Build established: Mutant 329 | -10/Materials | Discovered new exit (range 9) 514 | -10/Materials | Entered Mines 793 | -10/Mines | Learned Materials terminal intel 925 | -10/Mines | Identified exit to Materials 984 | -10/Mines | Discovered exit to Materials (range 13) 1275 | -10/Mines | Entered Materials 1275 | -9/Materials | Accompanied by 2 allies 1275 | -9/Materials | Evolved 2 slots: Utility x1, Weapon x1 1276 | -9/Materials | Loaded intel: 11 terminal locations 1276 | -9/Materials | Discovered new exit (range 6) 1280 | -9/Materials | Led the pair of lost Derelicts to an unsafe place 1503 | -9/Materials | Discovered new exit (range 7) 1617 | -9/Materials | Discovered new exit (range 15) 1646 | -9/Materials | Entered Mines 1647 | -9/Mines | Assembled infested the area 1655 | -9/Mines | Met a Derelict who couldn't figure out how to use a Trap Extractor 1738 | -9/Mines | Lost 3 parts (1p2w) 1774 | -9/Mines | Core integrity fell below 50% 1798 | -9/Mines | Core integrity fell below 20% 1814 | -9/Mines | Lost 7 parts (1p2n4w) 1822 | -9/Mines | Learned location of Storage (-9) 1831 | -9/Mines | Destroyed by D-53 Grenadier with Mini Grenade Launcher Last Messages --------------- 01771_ K-01 Serf collects debris. 01775_ The unstable cave ceiling collapses. 01775_ Imp. Carbon-fiber Leg destroyed. 01775_ K-01 Serf collects debris. 01777_ Particle Cannon destroyed. 01778_ The unstable cave ceiling collapses. 01779_ K-01 Serf collects debris. 01781_ Imp. Titanium Leg destroyed. 01783_ The unstable cave ceiling collapses. 01783_ Ion Engine destroyed. 01783_ K-01 Serf collects debris. 01784_ The unstable cave ceiling collapses. 01809_ as-68224 destroyed. 01822_ A derelict emerges from the shadows: "Are any of them following you? I'm here trying to lose some heat after our second raid on Storage failed. Whatever you do stay away from that place, they've tightened security following our previous successful raids." World map updated: -9/Storage. 01824_ 8I-EVM(g): "We scattered so the Unaware couldn't effectively use their advantage in numbers, and I suggest you do the same." 01824_ 8I-EVM(g) slips back into the shadows. Map ----- +----------------------------------------------------+ | ?????????????## % ####??????????? | | ?????????????# ##?????????? | | ??????????????# ##????????? | | ??????????????# # ####?????? | | ?????????????## # # "" #?????? | | ?????????????# # != ##????? | | ?????????????# ### = #????? | | ?????????????## # # ] ###????? | | ????????????#### % # # #?????? | | ????????????# #?????? | | ????????????# #####?? | | ????????????# #### #?? | | ????????????#?### #?? | | ??????????????# #?? | | ??????????????# #?? | | ?????????????## % #?? | | ?????######### #?? | | ??# # #?? | | ??????######## " ## #?? | | ?????????????## #??#"##"#######?? | | ??????????????# ###??# #?##???????? | | ??????????????# #???########?????? | | ?????????????## #????# ##????? | | ?????????????# ###### ##???? | | ?????????????# ## #???? | | ?????????????## d @ #???? | | ??????????????####### #????? | | ????????????????????############????? | | ????????????????????????????????????? | | | | | | | | | | | | | | | | | | | | | | | | | | | | | | | | | | | | | | | | | | | +----------------------------------------------------+ Best States ------------- Heat Dissipation 28 Energy Generation 14 Energy Capacity 250 Matter Stores 300 Matter Capacity 300 Sight Range 16 Terrain Scan Density 10 Power Shielding 33 Utility Shielding 33 Evasion (%) 50 Recoil Reduction 2 Item Schematics ----------------- None Robot Schematics ------------------ None Fabricated ------------ Nothing Alien Tech Used ----------------- None Achievements -------------- None Challenges ------------ None Game ------ Seed BarrageExperimentalFlail Manual? 0 Play Time 00:26:21 Cumulative 14.9 hours Start 2021.12.07 @ 18:19:23 End 2021.12.07 @ 18:49:26 Sessions 1 Manual Loads 0 Difficulty Rogue Special Mode None Game No. 21 Rogue 21 Adventurer 0 Explorer 0 Win Type - Total 0 Types 0/0/0/0/0/0/0/0/0 Lore% 19 Gallery% 21 Achievement% 19 Wizard Run 0 Options --------- ASCII 0 Keyboard 0 Movement Mouse Keybinds 0 Fullscreen 2 Font 24/Terminus Map View 130x56 Tactical HUD 1 Map Filters NONE Filters NONE Steam 1 RUN: 95bf4fcf-c77a-46d4-b000-c70cd71cf210